Map: Deathaura LE

Players

Vanya

  • Race: Zerg Zerg
  • League: Grandmaster
  • Spawn Location: 5:00

LiquidMaNa (MaNa) - Winner!

  • Race: Protoss Protoss
  • League: Grandmaster
  • Spawn Location: 11:00

Event: DreamHack SC2 Masters 2020 Summer Europe

VOD

Have the link to the VOD?

Description

Time

  • Played on: July 1, 2020, 11:30 a.m.
  • Length: 4:47

All games in this series

Show
View Real Time Build Order
Export as new Build Order

Vanya Zerg 

Build Orders: Hatch First 

Get SALT Encoding   

  12  0:00  Drone  
  13  0:08  Drone  
  14  0:15  Drone, Extractor  
  15  0:36  Hatchery  
  14  0:43  Overlord  
  14  1:02  Drone x3  
  17  1:11  Extractor  
  17  1:12  Drone  
  17  1:16  Spawning Pool  
  16  1:24  Drone  
  17  1:34  Drone  
  18  1:46  Hatchery  
  17  1:49  Drone  
  17  1:52  Drone  
  19  1:57  Drone  
  20  2:02  Drone  
  21  2:09  Queen  
  21  2:14  Zergling x2  
  24  2:17  Zergling x2  
  25  2:27  Roach Warren  
  24  2:30  Metabolic Boost  
  24  2:37  Overlord  
  24  3:06  Roach  
  24  3:07  Roach x3  
  24  3:09  Roach  
  24  3:12  Zergling x2  
  35  3:17  Roach  
  37  3:20  Overlord  
  37  3:22  Zergling x4  
  39  3:28  Roach  
  41  3:35  Zergling x2  
  41  3:38  Overlord  
  41  3:39  Zergling x2  
  43  3:42  Zergling x2  
  43  3:43  Zergling x2  
  44  3:58  Zergling x10  
  49  4:04  Extractor  
  49  4:05  Ravager  
  50  4:11  Overlord  
Show
View Real Time Build Order
Export as new Build Order

LiquidMaNa Protoss - Winner!

Build Orders: 1 Gate Expand, Oracle Opening 

Get SALT Encoding   

  12  0:00  Probe  
  13  0:12  Probe  
  14  0:17  Pylon  
  14  0:24  Probe  
  15  0:32  Probe  
  15  0:40  Probe  
  15  0:42  Gateway  
  17  0:51  Probe  
  17  0:54  Assimilator  
  18  1:03  Probe  
  19  1:15  Probe  
  20  1:27  Nexus  
  20  1:38  Cybernetics Core  
  20  1:40  Probe  
  21  1:47  Assimilator  
  21  1:52  Probe  
  22  1:58  Pylon  
  22  2:04  Probe  
  22  2:06  Adept  
  23  2:15  Warp Gate  
  23  2:16  Probe  
  26  2:28  Adept, Probe  
  27  2:33  Stargate  
  27  2:36  Probe  
  27  2:41  Probe  
  30  2:44  Probe  
  31  2:53  Probe  
  31  2:54  Probe  
  31  2:58  Stalker  
  35  3:05  Probe  
  36  3:06  Probe  
  36  3:07  Oracle  
  37  3:17  Probe  
  37  3:18  Probe  
  42  3:24  Pylon  
  44  3:35  Stalker, Shield Battery  
  44  3:39  Shield Battery  
  44  3:42  Pylon, Void Ray  
  44  3:54  Pylon  
  48  3:56  Probe x2  
  50  4:06  Pylon  
  50  4:08  Probe x2  
  52  4:13  Robotics Facility  
  52  4:20  Stalker, Probe x2  
  56  4:32  Probe x2  
Tags
 
Add a new tag
Caveats
  • Supply blocks, unpowered buildings, or Contaminate may cause inaccurate times.
  • Supply counts are checked every 10 seconds.